 Dungeon Crawl Stone Soup version 0.25.1-1-g288607f (webtiles) character file.

Game seed: 1255195128493639939

154 RonnieColeman the Magician (level 5, -7/28 HPs)
             Began as a Deep Elf Air Elementalist on Sept 15, 2020.
             Killed by divine providence
             ... invoked by an orc priest
              (14 damage)
             ... on level 3 of the Dungeon.
             The game lasted 00:05:32 (2525 turns).

RonnieColeman the Magician (DEAE)                   Turns: 2525, Time: 00:05:33

Health: -7/28      AC:  4    Str:  5    XL:     5   Next: 13%
Magic:  0/14       EV: 12    Int: 21    God:
Gold:   147        SH:  0    Dex: 15    Spells: 11/14 levels left

rFire    . . .     SeeInvis .   m - +3 dagger
rCold    . . .     Gourm    .   (no shield)
rNeg     . . .     Faith    .   i - +0 troll leather armour {Purgy}
rPois    .         Spirit   +   (no helmet)
rElec    .         Reflect  .   (no cloak)
rCorr    .         Harm     .   (no gloves)
MR       .....                  (no boots)
Stlth    ++........             l - amulet of guardian spirit (curse)
HPRegen  0.49/turn              (no ring)
MPRegen  0.14/turn              (no ring)

@: very slightly contaminated
A: no striking features
a: no special abilities


You were on level 3 of the Dungeon.
You were not hungry.

You visited 1 branch of the dungeon, and saw 3 of its levels.
You also visited: Sewer.

You collected 147 gold pieces.

Inventory:

Hand Weapons
 f - a +1 vampiric dagger
 m - a +3 dagger (weapon)
Armour
 a - a +0 robe
 i - a +0 troll leather armour (worn) {Purgy}
Jewellery
 l - a cursed amulet of guardian spirit (around neck)
Scrolls
 e - a scroll of identify
 g - a scroll of noise {unknown}
 k - a scroll of teleportation
Potions
 b - 2 potions of heal wounds {unknown}
 h - 2 potions of invisibility {unknown}
 j - 2 potions of curing
 n - 2 potions of flight {unknown}
Comestibles
 c - 2 rations
 d - a chunk of flesh


   Skills:
 + Level 0.0 Fighting
 + Level 0.0 Armour
 - Level 2.4 Dodging
 - Level 2.4 Stealth
 * Level 5.0 Spellcasting
 * Level 3.4 Conjurations
 + Level 3.8 Air Magic


You had 11 spell levels left.
You knew the following spells:

 Your Spells              Type           Power        Failure   Level  Hunger
a - Shock                 Conj/Air       ###.         4%          1    None
g - Swiftness             Chrm/Air       ##......     12%         2    None

Your spell library contained the following spells:

 Spells                   Type           Power        Failure   Level  Hunger
 Static Discharge         Conj/Air       ###.....     12%         3    ##.....
 Airstrike                Air            ###.......   36%         4    ####...
 Lightning Bolt           Conj/Air       ###.......   73%         5    #####..


Dungeon Overview and Level Annotations

Branches:
Dungeon (3/15)              Sewer (visited)

Altars:

Annotations:
D:2 Sigmund


Message History

The zap hits the orc.
The orc is severely wounded.
The orc priest invokes the aid of Beogh against you.
Pain shoots through your body! The orc closely misses you.
Casting: Shock (safe; 4% risk of failure)
Confirm with . or Enter, or press ? or * to list all spells.
Aiming: Shock (safe; 4% risk of failure)
Press: ? - help, Shift-Dir - straight line, f/p - orc priest
Aim: an orc priest, wielding a +0 dagger and wearing a +0 leather armour (moderately wounded)
You miscast Shock.
You are very lightly contaminated with residual magic.
Nothing appears to happen.
The orc priest hits you with a +0 dagger.
* * * LOW HITPOINT WARNING * * *
The orc hits you.
* * * LOW HITPOINT WARNING * * *
The orc priest invokes the aid of Beogh against you.
Beogh smites you!
Ouch! That really hurt!
You die...

*,* #....,,,..........#
*,* *...,,***#........#
*,***...,,* #........#
#..,,...,,####......#**
#..**#.#*##.#.###...#
*###..###o# #.#.## #...###
*,.....roo# ##.#.# #...#..
***#..)##.###.#.##*#.)....
#...##@...####....###.#
#.........# #.........
#.........####.........
#.................#....
#...######.#..#####....
#...# *...)# #....
#...########..# ###.#
#...##........### #.#
#...............#####..


You could see an orc priest and 2 orcs.

Vanquished Creatures
  Purgy (Sewer)
  An adder (D:2)
  3 worms
  A dart slug (D:2)
  2 leopard geckos
  An orc (D:3)
  A ball python (D:3)
  A bat (D:3)
  3 giant cockroaches
  10 goblins
  3 hobgoblins
  2 jackals (Sewer)
  3 frilled lizards
  4 kobolds
  5 rats
41 creatures vanquished.

Notes
Turn   | Place    | Note
-------+----------+-------------------------------------------
     0 | D:1      | RonnieColeman the Deep Elf Air Elementalist began the quest
                  | for the Orb.
     0 | D:1      | Reached XP level 1. HP: 10/10 MP: 6/6
   377 | D:1      | Reached XP level 2. HP: 15/15 MP: 6/8
  1082 | D:2      | Reached XP level 3. HP: 19/19 MP: 3/10
  1216 | D:2      | Reached skill level 4 in Spellcasting
  1492 | D:2      | Learned a level 2 spell: Swiftness
  1513 | D:2      | Noticed Sigmund
  1719 | D:3      | Found a glowing drain.
  1826 | Sewer    | Entered a sewer
  1919 | Sewer    | Noticed Purgy
  1927 | Sewer    | Killed Purgy
  1927 | Sewer    | Reached skill level 5 in Spellcasting
  1927 | Sewer    | Reached XP level 4. HP: 16/24 MP: 2/13
  1927 | Sewer    | Reached XP level 5. HP: 18/28 MP: 2/14
  2324 | D:3      | Found a faded altar of an unknown god.
  2525 | D:3      | Killed from afar by an orc priest

Illustrated notes

Levels and vault maps discovered:
D:1:      sevenhm_arrival_forest_fort_small_5, layout_loops_ring
D:2:      layout_basic, uniq_sigmund
D:3:      layout_basic, chequers_ecumenical_altar_simple,
          cheibrodos_sewer_entry_sluice, minivault_24

Skill      XL: |  1  2  3 |
---------------+----------+-----
Conjurations   | 2 3 |  3.4
Spellcasting   | 5 |  5.0
Dodging        | |  2.4
Stealth        | |  2.4
Air Magic      | |  3.8

Action                   |  1- 3 |  4- 6 || total
-------------------------+-------+-------++-------
Melee: Unarmed           |     3 |       ||     3
       Dagger            |     9 |     5 ||    14
 Cast: Shock             |    81 |    14 ||    95
  Use: Scroll            |     6 |     2 ||     8
 Stab: Sleeping          |       |     1 ||     1
  Eat: Chunk             |     3 |     2 ||     5
Armor: Robe              |     3 |       ||     3
       Troll leather arm |       |     1 ||     1
Dodge: Dodged            |    21 |     7 ||    28
